 Dungeon Crawl Stone Soup version 0.27-a0-1456-gf5a116941d (webtiles) character file.

Game seed: 16842551660608809885

3926 blackman the Destroyer (level 10, -23/69 HPs)
             Began as a Grey Draconian Conjurer on July 5, 2021.
             Was an Initiate of Vehumet.
             Annihilated by a white ugly thing (29 damage)
             ... on level 8 of the Dungeon.
             The game lasted 01:00:55 (18602 turns).

blackman the Destroyer (Grey Draconian Conjurer)   Turns: 18602, Time: 01:00:56

Health: -23/69     AC: 12    Str: 10    XL:     10   Next: 1%
Magic:  17/17      EV: 12    Int: 21    God:    Vehumet [......]
Gold:   33         SH:  5    Dex: 13    Spells: 4/19 levels left

rFire    x . .     SeeInvis .   n - staff of conjuration
rCold    . . .     Faith    .   A - +0 buckler of Compression {rF- Will+++ rCorr Dex+3}
rNeg     . . .     Spirit   .   (armour unavailable)
rPois    .         Reflect  .   (helmet restricted)
rElec    .         Harm     .   (no cloak)
rCorr    +         Rampage  .   (no gloves)
Will     +++..                  (no boots)
Stlth    ++........             (no amulet)
HPRegen  0.21/turn              B - ring of wizardry
MPRegen  0.15/turn              (no ring)

@: no status effects
A: AC +12, amphibious, unfitting armour, cold-blooded
a: Renounce Religion


You were on level 8 of the Dungeon.
You worshipped Vehumet.
Vehumet was noncommittal.
You visited 2 branches of the dungeon, and saw 9 of its levels.

You collected 351 gold pieces.
You spent 318 gold pieces at shops.

Inventory:

Hand Weapons
 b - a +0 club
 k - a +2 short sword of holy wrath
Missiles
 w - 2 atropa-tipped darts
 y - a throwing net
Armour
 A - the +0 buckler of Compression (worn) {rF- Will+++ rCorr Dex+3}
   (You bought it in a shop on level 4 of the Dungeon)

   Dex:       It affects your dexterity (+3).
   rF:        It makes you vulnerable to fire.
   rCorr:     It protects you from acid and corrosion.
   Will:      It greatly increases your willpower.
Magical Staves
 n - a staff of conjuration (weapon)
Jewellery
 B - a ring of wizardry (left hand)
Wands
 q - a wand of mindburst (8)
 s - a wand of flame (17)
 u - a wand of iceblast (10)
Scrolls
 a - 5 scrolls of magic mapping
 c - a scroll of holy word {unknown}
 d - 5 scrolls of teleportation
 e - a scroll of enchant weapon
 f - 2 scrolls of noise {unknown}
 j - 2 scrolls of enchant armour
 l - a scroll of fear
 m - a scroll of amnesia
 o - a scroll of vulnerability
 v - a scroll of silence {unknown}
 z - 2 scrolls of identify
Potions
 g - 2 potions of might {unknown}
 h - a potion of degeneration {unknown}
 i - 3 potions of heal wounds
 p - a potion of curing
 r - 2 potions of resistance
 t - 2 potions of lignification {unknown}
 x - a potion of brilliance {unknown}


   Skills:
 - Level 2.4 Dodging
 - Level 2.5 Stealth
 - Level 4.7 Shields
 + Level 5.3 Spellcasting
 * Level 12.2 Conjurations
 - Level 2.3 Ice Magic


You had 4 spell levels left.
You knew the following spells:

 Your Spells              Type           Power      Damage    Failure   Level
a - Magic Dart            Conj           100%       1d8       1%          1
b - Searing Ray           Conj           100%       3d7       1%          2
c - Iskenderun's Mystic   Conj/Tloc      46%        2d10      3%          4
d - Fulminant Prism       Conj/Hex       23%        3d13      3%          4
e - Sticky Flame          Conj/Fire      46%        2d6       3%          4

Your spell library contained the following spells:

 Spells                   Type           Power      Damage    Failure   Level
 Conjure Flame            Conj/Fire      46%        6-21      1%          3
 Dazzling Flash           Conj/Hex       92%        N/A       1%          3
 Stone Arrow              Conj/Erth      92%        3d12      1%          3
 Animate Skeleton         Necr           10%        N/A       4%          1
 Pain                     Necr           20%        1d5       4%          1
 Sting                    Tmut/Pois      20%        1d4       4%          1
 Ozocubu's Armour         Ice            15%        N/A       4%          3
 Poisonous Vapours        Pois/Air       10%        N/A       6%          2
 Sublimation of Blood     Necr           2%         N/A       6%          2
 Ignite Poison            Fire/Tmut/Pois 5%         N/A       13%         3
 Summon Guardian Golem    Hex/Summ       5%         N/A       13%         3
 Vampiric Draining        Necr           2%         2d6       13%         3
 Animate Dead             Necr           2%         N/A       38%         4
 Cause Fear               Hex            2%         N/A       38%         4
 Olgreb's Toxic Radiance  Pois           5%         N/A       38%         4
 Petrify                  Tmut/Erth      5%         N/A       38%         4
 Irradiate                Conj/Tmut      23%        3d21      10%         5
 Bolt of Magma            Conj/Fire/Erth 17%        4d9       22%         5
 Orb of Destruction       Conj           35%        9d13      24%         7
 Borgnjor's Vile Clutch   Necr/Erth      2%         N/A       71%         5
 Spellforged Servitor     Conj/Summ      23%        N/A       94%         7
 Death Channel            Necr           2%         N/A       99%         6
 Dragon Form              Tmut           2%         N/A       100%        7
 Ozocubu's Refrigeration  Ice            7%         4d6       100%        7
 Dragon's Call            Summ           2%         N/A       100%        9
 Shatter                  Erth           2%         3d6*      100%        9


Dungeon Overview and Level Annotations

Branches:
Dungeon (8/15)             Temple (1/1) D:6
   Lair: D:8-11

Altars:
Ashenzari
Cheibriados
Dithmenos
Elyvilon
Fedhas
Gozag
Hepliaklqana
Kikubaaqudgha
Makhleb
Nemelex Xobeh
Qazlal
Ru
Sif Muna
Trog
Uskayaw
Vehumet
Xom
Zin

Shops:
D:4 **   D:7 [


Innate Abilities, Weirdness & Mutations

Your dull iron-grey scales are very hard. (AC +12)
You are amphibious.
You cannot fit into any form of body armour.
You are cold-blooded and may be slowed by cold attacks.


Message History

Things that are here:
a +0 shortbow; 20 arrows; a centaur corpse
There is an open door here.
There is an open door here.
B - a ring of wizardry
There are no items here.
B - a ring of wizardry (left hand)
You now have 33 gold pieces (gained 14).
There is an open door here.
As you open the door, it creaks loudly!
Found a stone staircase leading down.
There is an open door here.
There is a stone staircase leading down here.
A white ugly thing comes into view.
The white ugly thing gurgles horribly!
The white ugly thing tentacle-slaps you but does no damage.
Press: ? - help, v - describe, . - travel
Here: a white ugly thing The floor.
Press: ? - help, v - describe, . - travel
Here: a white ugly thing The floor.
Throw: 2 throwing nets
Press: ? - help, Shift-Dir - straight line, f - white ugly thing
Aim: a white ugly thing (56% to hit)
You throw a throwing net.
The throwing net closely misses the white ugly thing.
The white ugly thing tentacle-slaps you!
The white ugly thing freezes you!
You feel yourself slow down.
You feel yourself speed up.
The white ugly thing tentacle-slaps you.
The white ugly thing freezes you!!
You feel yourself slow down.
* * * LOW HITPOINT WARNING * * *
You feel yourself speed up.
The white ugly thing tentacle-slaps you!
* * * LOW HITPOINT WARNING * * *
The white ugly thing freezes you!!
You die...

..# ####..###
#.###........
#.........#
#.###.###.####
#.............
#####.########
##+## #u# ##...##
#@#### ##.....#
#.##.## ##.......
#.#...####........
#.>......'........
###....###........
##.#.# ##.......
###.# ##.....# #.#
##...## #.# ##'##


You could see a white ugly thing.

Vanquished Creatures
  A two-headed ogre (D:7)
  The ghost of pigah the Magician, a novice OpWn of Sif Muna (D:5)
  Grinder (D:3)
  Prince Ribbit (D:7)
  Sigmund (D:3)
  A steam dragon (D:6)
  A water moccasin (D:4)
  A hornet zombie (D:7)
  A black bear (D:5)
  A necrophage (D:4)
  2 ice beasts
  2 centaurs
  A phantom (D:5)
  A kobold brigand (D:7)
  A bullfrog (Temple)
  2 gnoll sergeants
  Blork the orc (D:5)
  A scorpion (D:4)
  2 wyvern skeletons
  8 killer bees
  A bullfrog zombie (D:5)
  A centaur zombie (D:8)
  A jelly (D:5)
  2 hounds (D:4)
  An orc priest (D:5)
  3 bullfrog skeletons
  2 orc wizards (D:6)
  4 iguanas
  9 adders
  10 gnolls
  3 white imps
  2 ufetubi
  2 dart slugs
  17 orcs
  8 endoplasms
  4 giant cockroaches
  14 goblins
  4 hobgoblins
  4 jackals
  A quokka (D:5)
  10 ball pythons
  6 bats
  A frilled lizard (D:3)
  11 kobolds
  6 rats
158 creatures vanquished.

Vanquished Creatures (others)
  22 fulminant prisms
  12 plants (D:1)
34 creatures vanquished.

Grand Total: 192 creatures vanquished

Notes
Turn   | Place    | Note
-------+----------+-------------------------------------------
     0 | D:1      | blackman the Draconian Conjurer began the quest for the
                  | Orb.
     0 | D:1      | Reached XP level 1. HP: 14/14 MP: 3/3
   302 | D:1      | Reached XP level 2. HP: 10/20 MP: 5/5
  1003 | D:1      | Reached XP level 3. HP: 23/26 MP: 3/6
  1481 | D:2      | Found a faded altar of an unknown god.
  1604 | D:2      | Found a blossoming altar of Fedhas.
  2853 | D:3      | Reached XP level 4. HP: 33/33 MP: 2/7
  3087 | D:3      | Noticed Sigmund
  3269 | D:3      | Noticed Grinder
  3665 | D:2      | Learned a level 2 spell: Searing Ray
  3925 | D:4      | Reached skill level 5 in Conjurations
  3925 | D:4      | Noticed a necrophage
  4022 | D:4      | Identified 2 scrolls of acquirement
  4022 | D:4      | Acquired a staff of conjuration
  4057 | D:4      | Noticed a gnoll sergeant
  4265 | D:4      | Acquired a book of Dangerous Friends
  4344 | D:4      | Reached XP level 5. HP: 36/38 MP: 2/8
  4528 | D:4      | Reached skill level 6 in Conjurations
  5172 | D:4      | Found Kuil's General Store.
  5175 | D:4      | Noticed a water moccasin
  5183 | D:4      | Killed a water moccasin
  5184 | D:4      | Reached skill level 7 in Conjurations
  5184 | D:4      | Reached XP level 6. HP: 45/45 MP: 4/9
  5438 | D:4      | Bought a scroll of teleportation for 33 gold pieces
  6595 | D:4      | Found Egavoata's Assorted Antiques.
  6864 | D:4      | Your scales start taking on a dull iron-grey colour.
  6864 | D:4      | Reached XP level 7. HP: 48/50 MP: 5/10
  6985 | D:4      | Reached skill level 8 in Conjurations
  7207 | D:5      | Entered Level 5 of the Dungeon
  8184 | D:5      | Found a runed translucent door.
  8236 | D:5      | Reached XP level 8. HP: 57/57 MP: 7/14
  8635 | D:5      | Noticed Blork the orc
  8642 | D:5      | Learned a level 4 spell: Iskenderun's Mystic Blast
  8647 | D:5      | Learned a level 4 spell: Fulminant Prism
  8652 | D:5      | Learned a level 4 spell: Sticky Flame
  8661 | D:5      | Killed Blork the orc
  8662 | D:5      | Reached skill level 5 in Spellcasting
  8898 | D:5      | Found a shimmering blue altar of Sif Muna.
  8999 | D:5      | Noticed pigah's ghost (novice OpWn)
  9202 | D:5      | Killed pigah's ghost
  9203 | D:5      | Reached skill level 9 in Conjurations
  9563 | D:6      | Found a staircase to the Ecumenical Temple.
  9583 | Temple   | Entered the Ecumenical Temple
  9703 | Temple   | Became a worshipper of Vehumet
  9838 | D:6      | Reached skill level 10 in Conjurations
 11982 | D:3      | Killed Sigmund
 11983 | D:3      | Reached XP level 9. HP: 62/62 MP: 7/16
 15084 | D:3      | Paralysed by Grinder for 7 turns
 15137 | D:3      | Killed Grinder
 15480 | D:7      | Reached skill level 11 in Conjurations
 16774 | D:7      | Found a snail-covered altar of Cheibriados.
 16776 | D:7      | Found Cheibriados's Comfort Zone.
 16837 | D:7      | Noticed Prince Ribbit
 16841 | D:7      | Killed Prince Ribbit
 16842 | D:7      | Reached skill level 1 in Shields
 17180 | D:4      | Bought a distressingly furry buckler for 285 gold pieces
 17180 | D:4      | Identified the +0 buckler of Compression {rF- Will+++ rCorr
                  | Dex+3} (You bought it in a shop on level 4 of the Dungeon)
 17249 | D:5      | You fall into a shaft and drop 1 floor!
 17648 | D:7      | Noticed a two-headed ogre
 17673 | D:7      | Killed a two-headed ogre
 17674 | D:7      | Reached skill level 12 in Conjurations
 18322 | D:8      | Reached XP level 10. HP: 47/69 MP: 4/17
 18597 | D:8      | Noticed a white ugly thing
 18602 | D:8      | Annihilated by a white ugly thing

Illustrated notes

Levels and vault maps discovered:
D:1:      sevenhm_arrival_forest_fort_small_6, layout_basic, serial_forest,
          infiniplex_forest_3_way, infiniplex_forest_corner_1,
          infiniplex_forest_clump_curved, infiniplex_forest_end_1,
          infiniplex_forest_straight_3, infiniplex_forest_lined_2,
          infiniplex_forest_lined_2, infiniplex_forest_clump_long,
          minmay_quantized
D:2:      layout_basic, basic_altar,
          hellmonk_ecumenical_altar_pennies_from_heaven, uniq_crazy_yiuf_cottage
D:3:      layout_loops_ring, minmay_misc_feat_diagonals, kennysheep_nub,
          uniq_sigmund, uniq_grinder
D:4:      layout_basic, serial_shops, nicolae_inconvenience_store, shop
D:5:      layout_cave_pools, nicolae_sif_muna_condensation,
          ebering_ghost_reflecting_pool, hangedman_abyss_or_decor_stagger,
          uniq_blork_the_orc
D:6:      layout_loops_ring, minmay_temple_entry_offerings
D:7:      layout_loops_ring, minmay_shop_chei, uniq_prince_ribbit1
D:8:      layout_loops_corners, minmay_shop_grid_forest
Temple:   minmay_crystal_spiral_temple

Skill      XL: |  1  2  3  4  5  6  7  8  9 |
---------------+----------------------------+-----
Stealth        | 2 |  2.5
Dodging        | 2 |  2.4
Conjurations   | 5 7 8 10 12 | 12.2
Spellcasting   | 4 5 |  5.3
Ice Magic      | 2 |  2.3
Shields        | 4 |  4.7

Action                   |  1- 3 |  4- 6 |  7- 9 | 10-12 || total
-------------------------+-------+-------+-------+-------++-------
Melee: Club              |    37 |       |       |       ||    37
       Unarmed           |    12 |       |       |       ||    12
       Tailslap          |     6 |       |       |       ||     6
       Short sword       |     3 |     1 |       |       ||     4
       Staff             |       |     6 |     3 |       ||     9
Throw: Throwing net      |       |       |       |     1 ||     1
 Cast: Magic Dart        |    85 |    73 |    46 |       ||   204
       Searing Ray       |       |    16 |    43 |       ||    59
       Fulminant Prism   |       |       |    22 |       ||    22
       Sticky Flame      |       |       |     1 |       ||     1
Evoke: Wand              |       |       |     6 |       ||     6
  Use: Scroll            |       |     4 |     7 |       ||    11
Armor: Skin              |    27 |    11 |    56 |     1 ||    95
Dodge: Dodged            |    58 |    33 |    83 |       ||   174
Block: Buckler           |       |       |     3 |       ||     3

Table legend: (Time is in decaauts)
 A = Elapsed time spent in this place.
 B = Non-inter-level travel time spent in this place.
 C = Inter-level travel time spent in this place.
 D = Time resting spent in this place.
 E = Time spent auto-exploring this place.
 F = Levels seen in this place.
 G = Mean time per level.
                   A        B        C        D        E       F      G
               +--------+--------+--------+--------+--------+-----+--------+
         Total |  18642 |  17188 |   1454 |   9812 |   5590 |   9 | 2071.3 |
       Dungeon |  18355 |  17093 |   1262 |   9732 |   5582 |   8 | 2294.4 |
        Temple |    287 |     95 |    192 |     80 |      8 |   1 |  287.0 |
               +--------+--------+--------+--------+--------+-----+--------+

Top non-repeatable levels by time:
     D:4: 3975 daAuts
     D:3: 3968 daAuts
     D:6: 3270 daAuts
     D:5: 1949 daAuts
     D:2: 1758 daAuts
     D:7: 1530 daAuts
     D:1: 1397 daAuts
     D:8: 505 daAuts
  Temple: 287 daAuts
